 Dungeon Crawl Stone Soup version 0.30-a0-737-gf23d94013f (webtiles) character file.

Game seed: 11782414920950775531

3282 MacCMillion the Cleaver (level 10, -1/84 HPs)
             Began as a Hill Orc Fighter on Feb 2, 2023.
             Was an Initiate of Beogh.
             Slain by a killer bee (2 damage)
             ... on level 7 of the Dungeon.
             The game lasted 00:11:54 (6674 turns).

MacCMillion the Cleaver (Hill Orc Fighter)          Turns: 6674, Time: 00:11:55

Health: -1/84      AC: 16    Str: 24    XL:     10   Next: 0%
Magic:  10/10      EV:  8    Int: 14    God:    Beogh [......]
Gold:   288        SH:  5    Dex: 10    Spells: 9/9 levels left

rFire   . . .      SeeInvis +    a - +0 war axe
rCold   . . .      Faith    .    c - +0 buckler
rNeg    . . .      Spirit   .    o - +0 chain mail
rPois   .          Reflect  .    e - +2 helmet {SInv}
rElec   .          Harm     .    q - +0 cloak
rCorr   .          Rampage  .    (no gloves)
Will    .....                    r - +0 pair of boots Stlth
                                 (no amulet)
HPRegen 0.34/turn                b - +6 ring of intelligence
MPRegen 0.12/turn                (no ring)

@: lethally poisoned (-1 -> -18), slowed, very slow
A: no striking features
a: Renounce Religion


You were on level 7 of the Dungeon.
You worshipped Beogh.
Beogh was noncommittal.
You visited 1 branch of the dungeon, and saw 7 of its levels.

You collected 288 gold pieces.

Inventory:

Hand Weapons
 a - a +0 war axe (weapon)
Missiles
 z - 3 atropa-tipped darts (quivered)
 B - 2 boomerangs
Armour
 c - a +0 buckler (worn)
 e - a +2 helmet of see invisible (worn)
 o - a +0 chain mail (worn)
 q - a +0 cloak (worn)
 r - a +0 pair of boots (worn)
 C - the +2 helmet of the Swan {Dex+4}
   (You found it on level 6 of the Dungeon)

   Dex:       It affects your dexterity (+4).
Jewellery
 b - a +6 ring of intelligence (left hand)
Wands
 w - a wand of flame (14)
Scrolls
 f - 2 scrolls of poison
 g - a scroll of vulnerability
 l - 3 scrolls of magic mapping
 m - a scroll of immolation {unknown}
 n - 3 scrolls of blinking
 t - a scroll of teleportation {unknown}
 v - a scroll of amnesia {unknown}
 x - 2 scrolls of identify
 y - a scroll of enchant weapon {unknown}
Potions
 d - 2 potions of might
 h - a potion of heal wounds
 i - 2 potions of degeneration
 j - 2 potions of attraction {unknown}
 k - a potion of berserk rage {unknown}
 p - 3 potions of curing
 s - a potion of magic {unknown}
 u - a potion of resistance {unknown}


   Skills:
 + Level 6.8 Fighting
 + Level 13.6 Axes
 + Level 4.1 Throwing
 + Level 6.2 Armour
 - Level 5.0 Shields


You had 9 spell levels left.
You didn't know any spells.
Your spell library contained the following spells:

 Spells                   Type           Power      Damage    Failure   Level
 Kiss of Death            Conj/Necr      0%         2d5       94%         1
 Blink                    Tloc           0%         N/A       98%         2
 Cigotuvi's Dreadful Rot  Necr/Pois/Air  0%         N/A       98%         2
 Poisonous Vapours        Pois/Air       0%         N/A       98%         2
 Confusing Touch          Hex            0%         N/A       100%        3
 Mephitic Cloud           Conj/Pois/Air  0%         N/A       100%        3
 Dispel Undead            Necr           0%         3d6       100%        4
 Manifold Assault         Tloc           0%         N/A       100%        4
 Storm Form               Tmut/Air       0%         N/A       100%        7


Dungeon Overview and Level Annotations

Branches:
Dungeon (7/15)             Temple (0/1) D:7

Altars:
Elyvilon
Kikubaaqudgha
Makhleb
Nemelex Xobeh
Qazlal
Wu Jian
Zin

Shops:
D:5 :::[   D:6 ?

Annotations:
D:6 1 runed translucent door, Crazy Yiuf


Message History

The killer bee stings you but does no damage.
The hornet stings you!
You suddenly lose the ability to move!
The killer bee barely misses you.
The killer bee buzzes angrily.
The killer bee stings you.
You are poisoned.
The killer bee poisons you!
The killer bee stings you but does no damage.
The hornet stings you!
You feel yourself slow down.
The killer bee stings you but does no damage.
The killer bee stings you. The hornet stings you.
* * * LOW HITPOINT WARNING * * *
You are more poisoned.
You feel as though you will be slow longer.
You feel very sick. The hornet barely misses you.
The killer bee stings you but does no damage.
The killer bee stings you!
* * * LOW HITPOINT WARNING * * *
A wight comes into view. It is wielding a +2 dagger.
You can move again.
Unknown command.
As you read the scroll labelled FEJA VEECVURA, it crumbles to dust.
You feel aware of your surroundings.
You sensed 6 altars.
It was a scroll of magic mapping.
* * * LOW HITPOINT WARNING * * *
You feel very sick. The killer bee completely misses you.
The killer bee stings you but does no damage.
The killer bee stings you.
* * * LOW HITPOINT WARNING * * *
The hornet stings you.
* * * LOW HITPOINT WARNING * * *
You shrug off the repeated paralysis!
The killer bee stings you.
* * * LOW HITPOINT WARNING * * *
You are more poisoned.
The killer bee poisons you!
The killer bee stings you but does no damage.
The killer bee stings you.
You die...

,,,,*,..,*,,*#..*****
***,,,, ,,*,,,...,,**#.#*
****, ,,*,***#..##*#.# *,
,,*,* *#...##.# *, ,,,,*
**#..z.# *,
,,,,********#..# *,
,,,,,,,..#####.## **
,,,,***#.......y#########**
* ,,,,*
######.yy@yyyy(...,**** *
,,,,* ##.y#########,,,,****
,,,,* #....# ****,,,,,
,,,,* #.##.######## ******
,,*** #.##........# *,***
#.###.......# ,,,,***** #.#
#.....).# ***,,,,,** **#.#
#.......# * *****,,***,..#
#.......#


You could see a hornet, 7 killer bees and a wight.

Vanquished Creatures
  A manticore (D:6)
  Sigmund (D:5)
  Menkaure (D:6)
  A sky beast (D:7)
  3 orc warriors
  2 ice beasts
  4 ogres
  3 black bears (D:5)
  A phantom (D:4)
  A gnoll sergeant (D:5)
  A necrophage (D:4)
  3 scorpions
  6 wights
  A killer bee (D:7)
  A howler monkey (D:5)
  An orc priest (D:6)
  4 hounds
  A gnoll bouda (D:6)
  Ijyb (D:5)
  2 iguanas
  9 orc wizards
  10 gnolls
  5 adders
  A shadow imp (D:5)
  2 white imps (D:5)
  2 worms (D:2)
  A dart slug (D:5)
  17 orcs
  7 ball pythons
  8 bats
  10 endoplasms
  3 giant cockroaches
  4 goblins
  7 hobgoblins
  4 quokkas
  A frilled lizard (D:2)
  2 kobolds (D:1)
  5 rats
137 creatures vanquished.

Vanquished Creatures (others)
  An orc (D:6)
  A demonic plant (D:1)
2 creatures vanquished.

Grand Total: 139 creatures vanquished

Notes
Turn   | Place    | Note
-------+----------+-------------------------------------------
     0 | D:1      | MacCMillion the Hill Orc Fighter began the quest for the
                  | Orb.
     0 | D:1      | Reached XP level 1. HP: 19/19 MP: 1/1
    43 | D:1      | Reached skill level 3 in Axes
    91 | D:1      | Reached XP level 2. HP: 26/26 MP: 2/2
   170 | D:1      | Reached skill level 4 in Axes
   314 | D:1      | Reached XP level 3. HP: 31/31 MP: 3/3
   355 | D:1      | Found a faded altar of an unknown god.
   355 | D:1      | Noticed an ice devil
   692 | D:2      | Reached skill level 5 in Axes
  1423 | D:3      | Noticed an ogre
  1430 | D:3      | Killed an ogre
  1431 | D:3      | Reached skill level 7 in Axes
  1431 | D:3      | Reached XP level 4. HP: 5/39 MP: 4/4
  1431 | D:3      | Reached XP level 5. HP: 6/45 MP: 5/5
  2354 | D:4      | Noticed a phantom
  2370 | D:4      | Killed a phantom
  2371 | D:4      | Reached skill level 8 in Axes
  2371 | D:4      | Reached XP level 6. HP: 51/51 MP: 6/6
  2431 | D:4      | Found an ancient bone altar of Kikubaaqudgha.
  2985 | D:5      | Entered Level 5 of the Dungeon
  3005 | D:5      | Found Mamazuto's Book Boutique.
  3077 | D:5      | Reached skill level 9 in Axes
  3142 | D:5      | Reached XP level 7. HP: 52/57 MP: 7/7
  3223 | D:5      | Reached skill level 10 in Axes
  3315 | D:5      | Reached skill level 11 in Axes
  3330 | D:5      | Found Uteas's Book Boutique.
  3392 | D:5      | Found Eghuurr's Armour Boutique.
  3433 | D:5      | Reached XP level 8. HP: 24/64 MP: 8/8
  3697 | D:5      | Noticed Ijyb
  3707 | D:5      | Killed Ijyb
  3829 | D:5      | Reached skill level 12 in Axes
  3884 | D:5      | Found Arphiob's Book Emporium.
  4366 | D:6      | Noticed Sigmund
  4381 | D:5      | Killed Sigmund
  4382 | D:5      | Reached skill level 1 in Throwing
  4642 | D:5      | Reached XP level 9. HP: 73/73 MP: 9/9
  4674 | D:5      | Reached skill level 5 in Shields
  4711 | D:6      | Reached skill level 5 in Fighting
  4845 | D:6      | Identified the +2 helmet of the Swan {Dex+4}
  4887 | D:6      | Found Hueddu's Magic Scroll Shop.
  4903 | D:6      | Noticed Menkaure
  4909 | D:6      | Killed Menkaure
  5199 | D:6      | Reached skill level 5 in Armour
  5214 | D:6      | Reached skill level 13 in Axes
  5542 | D:6      | Became a worshipper of Beogh the Brigand
  5557 | D:6      | Identified the +7 hammer of the Feral God {flame, rC++
                  | Int+2 Stlth-}
  5809 | D:6      | Found a runed translucent door.
  5810 | D:6      | Noticed Crazy Yiuf
  5922 | D:6      | Found a glowing silver altar of Zin.
  5923 | D:6      | Found a burning altar of Makhleb.
  5923 | D:6      | Found a stormy altar of Qazlal.
  5923 | D:6      | Found a white marble altar of Elyvilon.
  5954 | D:6      | Found a sparkling altar of Nemelex Xobeh.
  5954 | D:6      | Found an ornate altar of the Wu Jian Council.
  5971 | D:6      | Noticed a manticore
  5985 | D:6      | Killed a manticore
  6608 | D:7      | Reached XP level 10. HP: 69/84 MP: 10/10
  6671 | D:7      | Paralysed by a hornet for 3 turns
  6674 | D:7      | HP: 2/84 [hornet (6)]
  6674 | D:7      | Slain by a killer bee

Illustrated notes

Levels and vault maps discovered:
D:1:      psy_arrival_spokes, layout_basic,
          dreamdust_ecumenical_altar_sealed_demon
D:2:      layout_basic, minmay_tree_intersection
D:3:      layout_basic
D:4:      layout_loops_ring, mainiacjoe_overflow_chevrons
D:5:      layout_basic, serial_shops, nicolae_diamond_shop,
          nicolae_shop_window_shopping, kennysheep_mini,
          nicolae_inconvenience_store, uniq_ijyb
D:6:      minmay_cornered_nines, layout_rooms, minmay_overflow_temple_hex,
          serial_shops, shop, nicolae_water_bricks, uniq_sigmund,
          uniq_crazy_yiuf_cottage, uniq_menkaure
D:7:      layout_rooms, xom_shifter_show, minmay_temple_entry_butterflies

Skill      XL: |  1  2  3  4  5  6  7  8  9 |
---------------+----------------------------+-----
Axes           | 3 4 7 8 9 11 12 13 | 13.6
Shields        | 4 5 |  5.0
Fighting       | 4 6 |  6.8
Throwing       | 2 4 |  4.1
Armour         | 4 6 |  6.2

Action                     |  1- 3 |  4- 6 |  7- 9 | 10-12 || total
---------------------------+-------+-------+-------+-------++-------
  Melee: War axe           |   129 |    91 |   297 |    11 ||   528
  Throw: Throwing net      |       |       |     2 |       ||     2
         Dart              |       |       |     3 |     2 ||     5
 Invoke: Convert to Beogh  |       |       |     1 |       ||     1
    Use: Scroll            |       |     6 |       |     1 ||     7
         Potion            |       |       |     1 |       ||     1
   Stab: Held in net/web   |       |       |     1 |       ||     1
 Armour: Scale mail        |    55 |       |       |       ||    55
         Chain mail        |       |    40 |   160 |    12 ||   212
  Dodge: Dodged            |    62 |    24 |    78 |    12 ||   176
  Block: Buckler           |    23 |    18 |    65 |     1 ||   107

Table legend: (Time is in decaauts)
 A = Elapsed time spent in this place.
 B = Non-inter-level travel time spent in this place.
 C = Inter-level travel time spent in this place.
 D = Time resting spent in this place.
 E = Time spent auto-exploring this place.
 F = Levels seen in this place.
 G = Mean time per level.
                   A        B        C        D        E       F      G
               +--------+--------+--------+--------+--------+-----+--------+
         Total |   6709 |   6400 |    309 |   1550 |   3570 |   7 |  958.4 |
       Dungeon |   6709 |   6400 |    309 |   1550 |   3570 |   7 |  958.4 |
               +--------+--------+--------+--------+--------+-----+--------+

Top non-repeatable levels by time:
     D:5: 1664 daAuts
     D:6: 1505 daAuts
     D:3: 976 daAuts
     D:4: 894 daAuts
     D:2: 718 daAuts
     D:1: 673 daAuts
     D:7: 277 daAuts
